 Dungeon Crawl Stone Soup version 0.20-a0-1122-gb7cbeb9 (webtiles) character file.

5566 Lochraine the Covert (level 10, -4/45 HPs)
             Began as a Felid Conjurer on May 12, 2017.
             Was an Elder of Yredelemnul.
             Slain by a four-headed hydra (13 damage)
             ... on level 1 of the Lair of Beasts.
             The game lasted 00:43:57 (15215 turns).

Lochraine the Covert (Felid Conjurer)              Turns: 15215, Time: 00:43:58

Health: -4/45      AC:  2    Str:  7    XL:     10   Next: 44%
Magic:  10/19      EV: 25    Int: 20    God:    Yredelemnul [****..]
Gold:   410        SH:  0    Dex: 17    Spells: 3/19 levels left
                                        Lives:  0   Deaths: 3

rFire    . . .     SeeInvis +     - Unarmed
rCold    . . .     Gourm    .   (shield unavailable)
rNeg     . . .     Faith    .   (armour unavailable)
rPois    .         Spirit   .   (helmet unavailable)
rElec    .         Reflect  .   (cloak unavailable)
rCorr    .         Harm     .   (gloves unavailable)
MR       +....                  (boots unavailable)
Stlth    +++++.....             (no amulet)
Regen    0.2/turn               o - +3 ring of evasion
MPRegen  0.2/turn               t - +3 ring of strength

@: quick
A: no armour, no weapons or thrown items, stealth, claws 1, fangs 3, see
invisible, carnivore 3, speed 1, shaggy fur 2, slow metabolism 1, sharp paws
a: Recall Undead Slaves, Injury Mirror, Animate Dead, Drain Life, Renounce
Religion


You were on level 1 of the Lair of Beasts.
You worshipped Yredelemnul.
Yredelemnul was greatly pleased with you.
You were completely stuffed.

You visited 2 branches of the dungeon, and saw 12 of its levels.

You collected 590 gold pieces.
You spent 180 gold pieces at shops.

Inventory:

Jewellery
 o - a +3 ring of evasion (left paw)
   (You found it on level 4 of the Dungeon)
 p - an uncursed ring of fire
   (You found it on level 3 of the Dungeon)
 t - a +3 ring of strength (right paw)
   (You found it on level 9 of the Dungeon)
 C - an uncursed ring of resist corrosion
   (You found it on level 8 of the Dungeon)
Wands
 c - a wand of disintegration (5/24)
   (You found it on level 9 of the Dungeon)
 d - a wand of iceblast (0/15)
   (You found it on level 8 of the Dungeon)
 m - a wand of scattershot (2/9)
   (You found it on level 10 of the Dungeon)
 x - a wand of acid (9/15)
   (You found it on level 10 of the Dungeon)
 y - a wand of confusion (14/48)
   (You found it on level 9 of the Dungeon)
Scrolls
 f - 3 scrolls of fear
 g - a scroll of identify {@r1}
 i - 7 scrolls of remove curse {@r2}
 n - 2 scrolls of immolation {!r}
 s - 2 scrolls of amnesia
 A - a scroll of magic mapping
 D - a scroll of recharging
 F - a scroll of teleportation {@r4}
Potions
 e - 2 potions of cancellation
 h - 7 potions of heal wounds {@q2}
 k - a potion of might {unknown}
 q - 3 potions of lignification {!q}
 u - a potion of berserk rage {unknown}
 v - a potion of magic {unknown}
 w - 2 potions of brilliance {unknown}
 z - a potion of mutation {unknown}
 B - 3 potions of haste {@q3}
 E - a potion of flight {unknown}
Books
 a - a book of Conjurations
 r - a book of Misfortune
   (You found it on level 3 of the Dungeon)
 G - a book of Callings
   (You found it on level 8 of the Dungeon)
Comestibles
 b - 4 meat rations
 l - 4 royal jellies


   Skills:
 - Level 6.2 Fighting
 - Level 6.6 Dodging
 - Level 9.4 Stealth
 - Level 7.4 Unarmed Combat
 + Level 5.3 Spellcasting
 - Level 4.2 Conjurations
 - Level 7.9 Hexes
 * Level 6.8 Summonings
 + Level 2.9 Ice Magic
 + Level 4.0 Invocations


You had 3 spell levels left.
You knew the following spells:

 Your Spells              Type           Power        Failure   Level  Hunger
a - Magic Dart            Conj           ###.         1%          1    None
b - Searing Ray           Conj           ###...       3%          2    None
c - Dazzling Spray        Conj/Hex       ####..       2%          3    ##.....
d - Confusing Touch       Hex            #####.       1%          1    None
e - Call Imp              Summ           ####....     1%          2    None
f - Summon Ice Beast      Ice/Summ       ###.....     16%         4    ####...
x - Confuse               Hex            #####...     1%          3    ##.....


Dungeon Overview and Level Annotations

Branches:
Dungeon (11/15)            Temple (0/1) D:6            Lair (1/6) D:10
    Orc (0/2) D:9

Altars:
Nemelex Xobeh
Yredelemnul

Shops:
D:5 !

Annotations:
D:4 Grinder


Innate Abilities, Weirdness & Mutations

You cannot wear armour.
You are incapable of wielding weapons or throwing items.
Your paws allow you to move quietly. (Stealth)
You have sharp claws.
You have razor-sharp teeth.
You have supernaturally acute eyesight. (SInv)
You are carnivorous and can eat meat at any time.
You cover ground quickly.
You are covered in thick fur. (AC +2)
You have a slow metabolism.
Your sharp claws are effective at attacking unaware monsters.


Message History

Aim: a four-headed hydra
Okay, then.
Unknown command.
Unknown command.
Your paws begin to glow red.
Your crimson imp hits the four-headed hydra.
You scratch the four-headed hydra but do no damage.
The four-headed hydra bites you. The four-headed hydra misses you.
The four-headed hydra barely misses you.
The four-headed hydra completely misses you.
Your iron imp barely misses the four-headed hydra.
You scratch the four-headed hydra but do no damage.
The four-headed hydra appears confused.
Your crimson imp hits the four-headed hydra.
The four-headed hydra barely misses your crimson imp.
The four-headed hydra bites your crimson imp!
Your crimson imp is killed!
The four-headed hydra barely misses your iron imp.
The four-headed hydra bites your iron imp.
You pounce on the helpless four-headed hydra from behind!
You mangle the four-headed hydra!!
Your iron imp hits the four-headed hydra!
All of the chunks of flesh in your inventory have rotted away.
You scratch the four-headed hydra. You scratch the four-headed hydra.
The four-headed hydra barely misses you.
The four-headed hydra misses you.
The four-headed hydra bites you but does no damage.
The four-headed hydra misses you.
Your iron imp barely misses the four-headed hydra.
You scratch the four-headed hydra. You bite the four-headed hydra.
The four-headed hydra seems less confused.
The four-headed hydra completely misses you.
The four-headed hydra bites you!
The four-headed hydra barely misses you.
The four-headed hydra completely misses you.
You scratch the four-headed hydra.
Your iron imp hits the four-headed hydra.
The four-headed hydra completely misses you.
The four-headed hydra misses you.
The four-headed hydra closely misses you.
The four-headed hydra bites you!
You scratch the four-headed hydra. The four-headed hydra bites you!
* * * LOW HITPOINT WARNING * * *
The four-headed hydra bites you.
* * * LOW HITPOINT WARNING * * *
The four-headed hydra barely misses you.
The four-headed hydra bites you!
You die...
Your body rises from the dead as a mindless zombie.

#....####..
#..........
#..........
#.......... .
## #........
.P#.###.....#
...........#
...........#
.......<.@5#
..........D#
.######$...##
#.....#
#.....#
#....##
#....##
#.....#
#....##


You could see a four-headed hydra and a friendly iron imp.

Vanquished Creatures
  2 two-headed ogres
  An unseen horror (D:10)
  A kobold demonologist (D:9)
  A troll (D:9)
  A hippogriff (D:8)
  A yak (D:10)
  A wyvern (D:10)
  A warg (D:9)
  3 water moccasins
  3 porcupines
  An ice beast (D:6)
  A black bear (D:6)
  2 sky beasts
  7 orc warriors
  3 centaurs
  6 ogres
  11 bullfrogs
  A wyvern skeleton (D:7)
  5 scorpions
  A water moccasin zombie (D:6)
  6 killer bees
  5 centaur zombies
  7 crimson imps
  6 hounds
  A bullfrog zombie (D:9)
  8 jellies
  5 orc priests
  8 orc wizards
  4 bullfrog skeletons
  An iguana (D:6)
  3 worker ants
  A hound zombie (D:9)
  A hound skeleton (D:4)
  A worker ant zombie (D:9)
  4 gnolls
  20 adders
  A shadow imp (D:5)
  An ooze (D:3)
  2 adder zombies
  An adder skeleton (D:7)
  A worm (D:3)
  3 dart slugs
  3 leopard geckos
  43 orcs
  5 giant cockroaches
  2 gnoll zombies (D:4)
  9 goblins
  9 hobgoblins
  21 jackals
  3 quokkas
  4 ball pythons
  6 bats
  4 frilled lizards
  15 kobolds
  6 rats
273 creatures vanquished.

Vanquished Creatures (collateral kills)
  Joseph (D:9)
  An orc warrior (D:9)
  A big kobold (D:10)
  2 killer bees (D:10)
  A crimson imp (D:8)
  An orc priest (D:9)
  A hound (D:10)
  A worker ant (D:9)
  A shadow imp (D:8)
  A leopard gecko (D:9)
  4 orcs (D:9)
  A goblin (D:9)
  A hobgoblin (D:9)
  A kobold (D:10)
  A quokka (D:8)
19 creatures vanquished.

Vanquished Creatures (others)
  A troll zombie (D:9)
  A wight (D:9)
  A scorpion zombie (D:9)
  A hobgoblin zombie (D:9)
  2 orc zombies (D:9)
  18 fungi (D:10)
  3 plants (D:10)
27 creatures vanquished.

Grand Total: 319 creatures vanquished

Notes
Turn   | Place    | Note
-------+----------+-------------------------------------------
     0 | D:1      | Lochraine the Felid Conjurer began the quest for the Orb.
     0 | D:1      | Reached XP level 1. HP: 7/7 MP: 4/4
   296 | D:1      | Reached XP level 2. HP: 11/11 MP: 1/6
   851 | D:1      | Reached skill level 1 in Unarmed Combat
  1255 | D:2      | Reached skill level 3 in Stealth
  1255 | D:2      | Reached XP level 3. HP: 15/15 MP: 1/7
  1414 | D:2      | Learned a level 2 spell: Searing Ray
  2104 | D:2      | Reached skill level 1 in Fighting
  2104 | D:2      | Reached XP level 4. HP: 14/19 MP: 3/9
  2938 | D:3      | Learned a level 3 spell: Dazzling Spray
  2960 | D:3      | Reached XP level 5. HP: 22/22 MP: 5/10
  3445 | D:3      | Learned a level 1 spell: Confusing Touch
  3618 | D:3      | Reached skill level 4 in Stealth
  3942 | D:4      | Reached skill level 1 in Hexes
  4095 | D:3      | Gained mutation: You are covered in thick fur. (AC +2) [Felid growth]
  4095 | D:3      | Reached XP level 6. HP: 10/27 MP: 5/11
  4492 | D:4      | Found a basalt altar of Yredelemnul.
  4624 | D:4      | Became a worshipper of Yredelemnul the Dark
  4980 | D:4      | Noticed Grinder
  5050 | D:5      | Entered Level 5 of the Dungeon
  5092 | D:5      | Learned a level 3 spell: Confuse
  5738 | D:5      | Reached skill level 5 in Stealth
  5755 | D:5      | Slain by an orc
  5756 | D:5      | Reached XP level 5. HP: 0/24 MP: 1/10
  5838 | D:5      | Reached XP level 6. HP: 18/28 MP: 0/11
  6227 | D:5      | Found Zomeept's Distillery.
  6235 | D:5      | Bought 2 potions of heal wounds for 120 gold pieces
  6235 | D:5      | Bought a potion of heal wounds for 60 gold pieces
  6575 | D:6      | Noticed an orc warrior
  7020 | D:6      | Reached XP level 7. HP: 19/31 MP: 7/12
  7104 | D:6      | Reached skill level 6 in Stealth
  7687 | D:6      | Reached * piety under Yredelemnul
  7687 | D:6      | Reached skill level 5 in Hexes
  7913 | D:6      | Reached skill level 5 in Unarmed Combat
  7913 | D:6      | Reached XP level 8. HP: 18/36 MP: 13/13
  8308 | D:6      | Slain by an orc warrior
  8309 | D:6      | Reached XP level 7. HP: -3/33 MP: 7/12
  8613 | D:6      | Reached skill level 7 in Stealth
  8653 | D:6      | Found a sparkling altar of Nemelex Xobeh.
  8735 | D:6      | Found a staircase to the Ecumenical Temple.
  8857 | D:6      | Reached skill level 5 in Fighting
  8857 | D:6      | Reached XP level 8. HP: 32/37 MP: 0/13
  8999 | D:6      | Noticed a two-headed ogre
  9041 | D:6      | Killed a two-headed ogre
  9041 | D:6      | Reached ** piety under Yredelemnul
  9041 | D:6      | Reached skill level 5 in Dodging
  9462 | D:7      | Reached skill level 8 in Stealth
  9887 | D:7      | Reached XP level 9. HP: 40/40 MP: 10/14
 10568 | D:8      | Learned a level 2 spell: Call Imp
 10600 | D:8      | Reached skill level 1 in Summonings
 10713 | D:8      | Reached skill level 9 in Stealth
 11180 | D:8      | Reached *** piety under Yredelemnul
 11826 | D:9      | Noticed a kobold demonologist
 11851 | D:9      | Noticed a smoke demon
 11853 | D:9      | Noticed a hellwing
 11856 | D:9      | Noticed a rust devil
 11984 | D:9      | Killed a kobold demonologist
 12109 | D:9      | Noticed a troll
 12116 | D:9      | Killed a troll
 12116 | D:9      | Reached XP level 10. HP: 45/45 MP: 16/16
 12218 | D:9      | Reached skill level 1 in Invocations
 12252 | D:9      | Noticed Joseph
 12279 | D:9      | Killed Joseph
 12371 | D:9      | Found a staircase to the Orcish Mines.
 12383 | D:9      | Received a gift from Yredelemnul (a wight)
 12432 | D:9      | Reached **** piety under Yredelemnul
 12744 | D:10     | Entered Level 10 of the Dungeon
 12786 | D:10     | Reached skill level 5 in Summonings
 12793 | D:10     | Learned a level 4 spell: Summon Ice Beast
 12865 | D:10     | Noticed an unseen horror
 12877 | D:10     | Noticed a two-headed ogre
 12895 | D:10     | Slain by a two-headed ogre
 12896 | D:10     | Reached XP level 9. HP: -1/41 MP: 6/16
 13239 | D:10     | HP: 2/41 [two-headed ogre/cursed -2 giant club (15)]
 13258 | D:10     | Killed a two-headed ogre
 13258 | D:10     | Reached skill level 1 in Ice Magic
 13741 | D:10     | Killed an unseen horror
 13741 | D:10     | Reached skill level 5 in Spellcasting
 13741 | D:10     | Reached XP level 10. HP: 18/45 MP: 4/18
 14807 | D:10     | Received a gift from Yredelemnul (a mummy)
 14818 | D:10     | Found a staircase to the Lair.
 15173 | Lair:1   | Entered Level 1 of the Lair of Beasts
 15184 | Lair:1   | Noticed a four-headed hydra
 15215 | Lair:1   | Slain by a four-headed hydra

Vault maps used:
D:1:      dpeg_arrival_ternary, minivault_19
D:3:      first_bread
D:4:      lemuel_zombie_altar_yredelemnul, uniq_grinder
D:5:      serial_shops, shop, uniq_sigmund
D:6:      minmay_temple_entry_fiery, grunt_ministairs_5,
          nemelex_lonely_heart_becter
D:9:      erik_orc_3, uniq_joseph
D:10:     grunt_lair_entry_orc_guard_hut
D:11:     lab_entry_generic, uniq_erica, uniq_psyche
Lair:1:   lemuel_centaur_altar, lemuel_fruit_tree

Skill      XL: |  1  2  3  4  5  6  7  8  9 10 |
---------------+-------------------------------+-----
Unarmed Combat | 1 3 5 7 |  7.4
Stealth        | 3 4 5 7 8 9 |  9.4
Dodging        | 3 4 5 6 |  6.6
Fighting       | 1 2 3 5 6 |  6.2
Spellcasting   | 3 5 4 |  5.3
Conjurations   | 4 |  4.2
Hexes          | 3 2 6 7 |  7.9
Summonings     | 6 5 |  6.8
Invocations    | 3 4 |  4.0
Ice Magic      | 2 |  2.9

Action                   |  1- 3 |  4- 6 |  7- 9 | 10-12 || total
-------------------------+-------+-------+-------+-------++-------
Melee: Unarmed           |    31 |   315 |   462 |   207 ||  1015
       Bite              |     2 |    35 |    37 |    26 ||   100
       Punch             |       |     2 |     9 |    13 ||    24
 Cast: Magic Dart        |    83 |   120 |    54 |    22 ||   279
       Searing Ray       |     2 |    13 |     3 |       ||    18
       Confuse           |       |    10 |    42 |    23 ||    75
       Confusing Touch   |       |    17 |    33 |    13 ||    63
       Call Imp          |       |       |    11 |    16 ||    27
       Dazzling Spray    |       |       |     5 |       ||     5
Invok: Animate Dead      |       |       |       |     3 ||     3
       Recall Undead Sla |       |       |       |     1 ||     1
       Drain Life        |       |       |       |     1 ||     1
Evoke: Wand              |       |       |     2 |     3 ||     5
  Use: Scroll            |       |     9 |    14 |     3 ||    26
       Potion            |       |     2 |       |     1 ||     3
 Stab: Sleeping          |     1 |     7 |    19 |     8 ||    35
       Distracted        |     1 |       |     2 |     2 ||     5
       Confused          |       |    20 |    42 |    19 ||    81
  Eat: Chunk             |    10 |    17 |    26 |     8 ||    61
Armor: Skin              |     6 |    14 |    13 |     2 ||    35
Dodge: Dodged            |    37 |   306 |   387 |   174 ||   904
